 Dungeon Crawl Stone Soup version 0.32-a0-909-gc671339a80 (webtiles) character file.

Game seed: 10763299901665894556

137 Chiseanne the Trooper (level 5, 41/41 HPs)
             Began as a Demonspawn Wanderer on Apr 7, 2024.
             Quit the game on level 4 of the Dungeon.
             The game lasted 00:05:21 (2372 turns).

Chiseanne the Trooper (Demonspawn Wanderer)         Turns: 2372, Time: 00:05:22

Health: 41/41      AC:  5    Str: 17    XL:     5   Next: 0%
Magic:  6/6        EV: 10    Int: 11    God:
Gold:   1283       SH:  0    Dex: 11    Spells: 6/6 levels left

rFire   . . .        a - +3 short sword
rCold   . . .        (no shield)
rNeg    . . .        h - +0 ring mail
rPois   .            (helmet restricted)
rElec   .            (no cloak)
rCorr   .            (no gloves)
SInv    .            (no boots)
Will    .....        (no amulet)
Stlth   +            (no ring)
HPRegen 1.26/turn    (no ring)
MPRegen 0.10/turn

%: no passive effects
@: no status effects
A: antennae 1, powered by death 1
a: no special abilities


You were on level 4 of the Dungeon.
You visited 1 branch of the dungeon, and saw 4 of its levels.

You collected 1283 gold pieces.

Inventory:

Hand Weapons
 a - a +3 short sword (weapon)
 k - a +2 mace of holy wrath
Missiles
 c - 14 poisoned darts (quivered)
 l - 18 stones
Armour
 b - a +0 helmet
 h - a +0 ring mail (worn)
Wands
 i - a wand of mindburst (7)
 j - a wand of charming (6)
Scrolls
 e - 2 scrolls of teleportation
Potions
 d - 2 potions of curing
 f - a potion of ambrosia
 g - a potion of heal wounds {unknown}
 m - a potion of cancellation
 n - a potion of invisibility {unknown}


   Skills:
 * Level 3.4 Fighting
 - Level 1.7 Short Blades
 - Level 1.0 Maces & Flails
 - Level 1.0 Throwing
 * Level 3.0 Armour
 * Level 2.2 Dodging
 - Level 1.0 Spellcasting
 - Level 1.2 Invocations


You had 6 spell levels left.
You didn't know any spells.
Your spell library contained the following spells:

 Spells                   Type           Power      Damage    Failure   Level
 Magic Dart               Conj           0%         1d3       50%         1
 Blink                    Tloc           0%         N/A       65%         2
 Call Imp                 Summ           0%         N/A       65%         2
 Tukima's Dance           Hex            0%         N/A       86%         3
 Dimensional Bullseye     Hex/Tloc       0%         N/A       99%         4
 Iskenderun's Mystic Bla Conj/Tloc 0%             2d3        (+2d1     99%         4


Dungeon Overview and Level Annotations

Branches:
Dungeon (4/15)             Temple (0/1) D:4

Altars:
Kikubaaqudgha
Makhleb
Qazlal


Innate Abilities, Weirdness & Mutations

You have a pair of small antennae on your head.
You regenerate a little health from kills.


Message History

You hit the adder.
The adder is moderately wounded.
The adder bites you but does no damage.
You closely miss the adder.
The adder is moderately wounded.
The adder barely misses you. x2
You miss the adder.
The adder is moderately wounded.
The adder barely misses you.
You hit the adder.
The adder is moderately wounded.
The adder bites you but does no damage.
You hit the adder.
The adder is almost dead.
The adder bites you but does no damage.
You hit the adder but do no damage.
The adder is almost dead.
The adder bites you but does no damage.
You barely miss the adder.
The adder is almost dead.
The adder bites you but does no damage. The adder barely misses you.
You closely miss the adder.
The adder is almost dead.
The adder closely misses you.
You completely miss the adder.
The adder is almost dead.
The adder bites you but does no damage.
You barely miss the adder.
The adder is almost dead.
The adder bites you but does no damage.
You barely miss the adder.
The adder is almost dead.
The adder barely misses you.
You puncture the adder!
You kill the adder!
You have reached level 5!
Your demonic ancestry asserts itself...
A pair of antennae grows on your head!
Your +0 helmet falls away!
Are you sure you want to abandon this character and quit the game? (Confirm with "yes".)

#..# #... ... #..#
#.# #..# #.# ## #
#..# #.# .#.## #..#
#.# ...... #.)# #.#
#.§§§.# #..#
###.###..§>§.. #..#
##.....@....§.#
#..###....###......#
#.#........# #.##..#
#.#>###........... #
#.###..##.#.########
##.#....#.#.#
........)...#####
#.###....#<.......
#...#########.


There were no monsters in sight!

Vanquished Creatures
  Jessica (D:3)
  4 adders
  A white imp (D:3)
  2 dart slugs
  3 orcs
  6 ball pythons
  5 bats
  4 endoplasms
  4 giant cockroaches
  6 goblins
  3 hobgoblins
  8 jackals
  A quokka (D:2)
  4 frilled lizards
  4 kobolds
  A rat (D:1)
57 creatures vanquished.

Notes
Turn   | Place    | Note
-------+----------+-------------------------------------------
     0 | D:1      | Chiseanne the Demonspawn Wanderer began the quest for the
                  | Orb.
     0 | D:1      | Chiseanne set off with the following items: a +2 short
                  | sword, a +0 mace, 14 poisoned darts, a +0 dagger, a scroll
                  | of teleportation, a +0 leather armour.
     0 | D:1      | Reached XP level 1. HP: 16/16 MP: 2/2
   111 | D:1      | Gained mutation: You regenerate a little health from kills.
                  | [demonic ancestry]
   111 | D:1      | Reached XP level 2. HP: 21/21 MP: 3/3
   274 | D:1      | Reached skill level 1 in Dodging
   731 | D:1      | Identified a scroll of acquirement
   731 | D:1      | Acquired 1141 gold pieces
   839 | D:2      | Reached XP level 3. HP: 27/27 MP: 4/4
  1254 | D:2      | Reached XP level 4. HP: 35/35 MP: 5/5
  1475 | D:3      | Noticed Jessica
  1494 | D:3      | Killed Jessica
  1553 | D:3      | Found a burning altar of Makhleb.
  1650 | D:3      | Noticed a cacodemon
  1654 | D:3      | Noticed a neqoxec
  1654 | D:3      | Noticed a smoke demon
  1851 | D:3      | Found an ancient bone altar of Kikubaaqudgha.
  1857 | D:3      | Found a stormy altar of Qazlal.
  2330 | D:4      | Found a staircase to the Ecumenical Temple.
  2372 | D:4      | Gained mutation: You have a pair of small antennae on your
                  | head. [demonic ancestry]
  2372 | D:4      | Reached XP level 5. HP: 41/41 MP: 6/6
  2372 | D:4      | Quit the game

Illustrated notes

Levels and vault maps discovered:
D:1:      psy_arrival_conway, layout_loops_ring
D:2:      layout_rooms
D:3:      layout_loops_cross, nicolae_qazlal_eye_of_the_storm,
          mainiacjoe_overflow_brackets, makhleb_altar_promises_db,
          lightli_corner_chamber, uniq_jessica
D:4:      layout_loops_ring, nicolae_wu_jian_immortal_techniques,
          fedhas_altar_1, chei_slow_surprise, minmay_temple_entry_purple_smoke

Skill      XL: |  1  2  3  4 |
---------------+-------------+-----
Armour         | 2 3 |  3.0
Dodging        | 1 2 |  2.2
Fighting       | 3 |  3.4
Short Blades   | |  1.7
Maces & Flails | |  1.0
Throwing       | |  1.0
Spellcasting   | |  1.0
Invocations    | |  1.2

Action                     |  1- 3 |  4- 6 || total
---------------------------+-------+-------++-------
  Melee: Short sword       |   143 |    99 ||   242
    Use: Scroll            |     6 |     4 ||    10
         Potion            |     1 |       ||     1
 Armour: Ring mail         |   142 |    61 ||   203
  Dodge: Dodged            |    86 |    46 ||   132

Table legend: (Time is in decaauts)
 A = Elapsed time spent in this place.
 B = Non-inter-level travel time spent in this place.
 C = Inter-level travel time spent in this place.
 D = Time resting spent in this place.
 E = Time spent auto-exploring this place.
 F = Levels seen in this place.
 G = Mean time per level.
                   A        B        C        D        E       F      G
               +--------+--------+--------+--------+--------+-----+--------+
         Total |   2357 |   2277 |     80 |    141 |   1616 |   4 |  589.2 |
       Dungeon |   2357 |   2277 |     80 |    141 |   1616 |   4 |  589.2 |
               +--------+--------+--------+--------+--------+-----+--------+

Top non-repeatable levels by time:
     D:3: 833 daAuts
     D:1: 765 daAuts
     D:2: 697 daAuts
     D:4: 61 daAuts
